Map: New Repugnancy LE

Players

Piroxiljin

  • Race: Terran Terran
  • Spawn Location: 7:00

A.I. 1 (Harder) - Winner!

  • Race: Zerg Zerg
  • Spawn Location: 1:00

VOD

Have the link to the VOD?

Description

Time

  • Played on: Feb. 2, 2019, 12:25 a.m.
  • Length: 31:40
Show
View Real Time Build Order
Export as new Build Order

Piroxiljin Terran 

Build Orders: Mech 

Get SALT Encoding   

  12  0:02  SCV  
  13  0:19  SCV  
  14  0:29  Supply Depot  
  14  0:31  SCV  
  15  0:50  SCV  
  16  0:57  Barracks  
  16  1:00  Refinery  
  16  1:02  SCV  
  17  1:14  SCV  
  18  1:26  SCV  
  19  1:39  Supply Depot  
  19  1:41  SCV  
  20  1:47  Refinery  
  20  1:57  Marine  
  20  2:10  Factory  
  20  2:14  Orbital Command  
  20  2:23  Barracks Tech Lab  
  20  2:36  Factory  
  20  2:40  SCV  
  21  3:07  Barracks Tech Lab  
  21  3:09  Command Center  
  21  3:13  Siege Tank  
  24  3:30  Factory  
  24  3:41  Barracks Tech Lab, Cyclone  
  24  3:45  SCV  
  28  3:57  SCV, Supply Depot x2  
  28  4:00  Supply Depot  
  29  4:09  SCV  
  30  4:31  Cyclone, Siege Tank  
  36  5:16  Orbital Command  
  36  5:20  SCV, Barracks Tech Lab  
  36  5:30  Siege Tank  
  36  5:31  Siege Tank  
  36  5:32  SCV  
  41  5:42  SCV  
  41  5:44  SCV  
  42  5:52  Supply Depot  
  42  5:54  Supply Depot  
  42  5:55  SCV, Engineering Bay  
  43  5:59  Refinery  
  43  6:06  Marine  
  43  6:07  SCV  
  43  6:08  Cyclone x2  
  51  6:14  Mag-Field Accelerator  
  51  6:19  SCV  
  51  6:23  SCV  
  51  6:24  Marine  
  54  6:31  SCV  
  55  6:35  SCV  
  55  6:38  Missile Turret  
  56  6:47  SCV  
  57  7:08  Marine  
  57  7:10  Missile Turret  
  57  7:12  Cyclone, Siege Tank x2  
  67  7:18  SCV  
  68  7:26  Marine  
  70  7:30  SCV x2  
  70  7:33  Refinery  
  71  7:42  SCV  
  72  7:45  Marauder  
  72  7:47  Starport  
  74  7:54  SCV  
  74  7:56  Supply Depot  
  75  7:59  Supply Depot  
  75  8:06  SCV, Marauder  
  78  8:18  SCV  
  78  8:19  Command Center  
  79  8:30  SCV  
  79  8:31  Factory  
  80  8:52  Barracks Tech Lab  
  80  8:54  Cyclone x2, Siege Tank  
  86  9:26  Siege Tank x2  
  83  9:39  Planetary Fortress  
  83  9:45  SCV x2  
  85  9:50  Medivac  
  87  9:57  SCV  
  87  9:59  Factory  
  88  10:01  Barracks Tech Lab  
  88  10:06  Cyclone  
  91  10:10  SCV  
  91  10:12  SCV  
  93  10:18  SCV  
  93  10:20  Medivac  
  96  10:23  SCV  
  96  10:24  SCV  
  98  10:30  SCV  
  98  10:35  SCV  
  100  10:36  SCV  
  100  10:42  SCV  
  102  10:49  Raven  
  102  10:51  Missile Turret  
  102  10:53  Marine  
  102  10:54  SCV  
  102  10:56  Cyclone x2, Siege Tank  
  115  11:06  SCV  
  115  11:11  Marine  
  117  11:32  Barracks  
  117  11:54  Supply Depot  
  117  11:56  Supply Depot  
  117  11:58  Supply Depot  
  117  12:04  Missile Turret  
  117  12:08  Refinery  
  117  12:09  Refinery  
  117  12:13  Missile Turret  
  117  12:15  Missile Turret  
  117  12:16  SCV  
  117  12:17  Medivac  
  117  12:19  SCV  
  121  12:24  Supply Depot x2  
  121  12:25  Supply Depot  
  121  12:27  Supply Depot  
  121  12:28  SCV  
  122  12:31  SCV  
  123  12:40  SCV  
  123  12:41  Barracks Tech Lab  
  124  12:52  SCV  
  125  13:45  Marine  
  125  13:46  Cyclone x2, Siege Tank  
  125  13:47  Siege Tank  
  138  13:48  Cyclone  
  138  13:54  SCV  
  142  14:02  Marine  
  142  14:07  SCV  
  144  14:18  Cyclone, Siege Tank  
  144  14:19  Siege Tank  
  144  14:20  Cyclone x2  
  144  14:23  Medivac  
  161  14:25  Command Center  
  161  14:50  Siege Tank x2  
  164  14:53  Medivac  
  112  15:23  Viking  
  114  15:32  Cyclone x2, Siege Tank x2  
  114  15:33  Cyclone  
  129  15:53  Viking  
  129  15:57  Refinery  
  133  16:04  Cyclone  
  121  16:23  Viking  
  120  16:32  Planetary Fortress  
  109  16:53  Viking  
  111  17:07  Marine  
  112  17:09  Siege Tank x2  
  112  17:10  Cyclone x2  
  127  17:20  Command Center  
  127  17:23  Viking  
  127  17:25  Marine  
  130  17:31  Siege Tank  
  130  17:41  Siege Tank  
  130  17:42  Cyclone  
  136  17:48  Siege Tank  
  139  18:02  SCV  
  140  18:14  SCV  
  140  18:18  Armory  
  141  18:26  SCV  
  142  18:38  SCV  
  143  18:50  SCV  
  143  18:53  Raven  
  146  19:03  SCV  
  146  19:05  Armory  
  147  19:14  Refinery  
  147  19:15  SCV  
  148  19:27  SCV  
  100  19:59  Marine  
  100  20:04  Terran Vehicle Weapons Level 1  
  100  20:05  Terran Vehicle And Ship Armor Level 1  
  99  20:17  Marine  
  91  20:27  Cyclone x2, Siege Tank  
  100  20:35  Marine  
  77  20:59  SCV  
  78  21:11  SCV  
  78  21:14  SCV  
  80  21:23  Missile Turret  
  80  21:26  SCV  
  80  21:31  SCV  
  82  21:38  Thor x2  
  82  21:39  SCV  
  95  21:40  Siege Tank x2  
  95  21:43  SCV  
  102  21:50  Terran Infantry Weapons Level 1  
  102  21:51  SCV  
  103  21:54  Marine  
  103  21:55  SCV  
  103  22:00  Terran Ship Weapons Level 1  
  105  22:03  SCV  
  106  22:12  Marine  
  106  22:15  SCV  
  108  22:16  Barracks  
  108  22:24  Command Center  
  108  22:30  Marine  
  101  23:04  Barracks  
  91  23:15  Refinery  
  91  23:20  Refinery  
  91  23:31  Missile Turret  
  91  23:42  Planetary Fortress  
  91  23:52  Missile Turret  
  91  23:54  Barracks  
  91  24:08  Command Center  
  91  24:18  Thor x2  
  91  24:19  Siege Tank x2  
  91  24:21  Siege Tank  
  112  24:25  Viking  
  112  24:28  Terran Vehicle Weapons Level 2  
  114  24:46  Marine  
  114  24:52  Barracks Reactor  
  115  24:55  Viking  
  115  24:59  Barracks Reactor  
  117  25:25  Viking  
  119  25:38  Marine x4  
  125  25:47  Missile Turret  
  125  25:55  Viking, Marine  
  125  25:56  Marine x3  
  130  25:59  Marine x2  
  130  26:02  Siege Tank x2  
  130  26:03  Siege Tank, Thor  
  145  26:13  Marine  
  145  26:14  Missile Turret, Marine x2  
  148  26:29  Marine x3  
  148  26:31  Marine x2  
  148  26:32  Marine  
  145  26:47  Marine x2  
  145  26:52  Marine x2  
  145  26:53  Marine  
  135  26:54  Thor  
  135  26:55  Siege Tank x2, Thor  
  141  27:05  Marine  
  115  27:14  Marine  
  101  27:17  Marine x4  
  101  27:20  Thor  
  111  27:23  Marine  
  97  27:32  Marine  
  97  27:35  Marine  
  97  27:36  Command Center  
  77  28:10  Marine x6  
  83  28:15  Cyclone x2, Siege Tank  
  62  28:54  Planetary Fortress  
  62  29:02  Command Center  
  62  29:10  Marine x2  
  62  29:16  Marine x2  
  66  29:33  Refinery  
  66  29:34  Planetary Fortress  
  66  29:35  Barracks Reactor  
  59  29:52  Marine  
  46  29:53  Marine x2  
  46  29:55  Siege Tank, Thor  
  59  30:14  Marine x2  
  59  30:16  Missile Turret  
  59  30:20  Planetary Fortress  
  58  30:36  Cyclone x2  
  43  31:07  Marine x2  
  43  31:08  Marine x3  
  43  31:09  Marine x2  
Show
View Real Time Build Order
Export as new Build Order

A.I. 1 (Harder) Zerg - Winner!

Build Orders: 1 Base Baneling Bust, Pool First 

Get SALT Encoding   

  12  0:00  Drone  
  13  0:12  Overlord  
  13  0:16  Drone  
  14  0:30  Drone  
  14  0:31  Drone  
  16  0:43  Spawning Pool  
  16  0:45  Drone  
  16  0:50  Drone  
  16  0:52  Extractor  
  16  0:55  Drone  
  17  1:06  Overlord  
  17  1:31  Zergling x2  
  17  1:32  Queen  
  20  1:35  Zergling x2  
  20  1:37  Roach Warren  
  20  1:38  Drone  
  21  1:43  Extractor  
  20  1:49  Drone  
  21  2:00  Drone  
  22  2:12  Drone  
  23  2:21  Overlord  
  23  2:32  Drone  
  24  2:39  Roach  
  24  2:43  Roach  
  24  2:44  Overlord  
  28  2:47  Roach  
  30  2:54  Roach  
  32  3:05  Roach  
  34  3:10  Roach  
  36  3:13  Overlord  
  36  3:14  Roach  
  36  3:19  Roach  
  40  3:27  Roach  
  40  3:31  Baneling Nest  
  41  3:38  Drone  
  41  3:40  Evolution Chamber  
  41  3:42  Drone, Roach  
  41  3:44  Drone  
  45  3:50  Drone  
  46  4:00  Drone  
  47  4:11  Drone  
  47  4:13  Overlord  
  47  4:14  Drone x2  
  50  4:23  Drone  
  51  4:45  Lair  
  51  4:51  Overlord  
  51  5:02  Zerg Melee Weapons Level 1  
  50  5:25  Zergling x2  
  38  5:33  Roach  
  32  5:42  Burrow, Roach  
  34  5:44  Hydralisk Den  
  33  5:51  Roach  
  35  5:59  Roach  
  37  6:07  Ravager  
  37  6:08  Ravager  
  37  6:11  Roach  
  41  6:19  Roach, Spore Crawler  
  41  6:24  Drone x2, Hatchery, Spore Crawler  
  42  6:27  Hydralisk  
  42  6:28  Ravager  
  45  6:37  Roach  
  47  6:45  Hydralisk  
  49  6:53  Hydralisk  
  51  6:56  Zerg Missile Weapons Level 1  
  51  6:59  Spine Crawler, Drone  
  51  7:02  Hydralisk, Overseer  
  53  7:08  Spine Crawler  
  53  7:10  Drone, Hydralisk  
  55  7:19  Hydralisk, Overseer  
  55  7:20  Queen  
  59  7:29  Infestation Pit  
  58  7:35  Drone  
  59  7:37  Drone, Spore Crawler  
  59  7:43  Drone  
  60  7:48  Drone  
  60  7:51  Drone  
  62  7:54  Drone  
  62  7:56  Drone  
  64  8:00  Drone  
  64  8:01  Drone  
  64  8:02  Drone x2  
  64  8:05  Overlord  
  68  8:07  Drone  
  68  8:11  Drone  
  70  8:18  Drone  
  71  8:22  Drone  
  71  8:26  Drone x2  
  74  8:29  Drone  
  74  8:32  Overlord  
  75  8:34  Drone  
  75  8:38  Spore Crawler  
  75  8:39  Drone  
  76  8:44  Queen  
  78  8:50  Zerg Ground Armor Level 1  
  78  8:54  Spire  
  77  9:03  Hatchery  
  76  9:21  Hive  
  62  9:27  Extractor  
  62  9:30  Extractor  
  44  9:35  Evolution Chamber  
  44  9:37  Zergling x2  
  44  9:55  Hydralisk  
  46  10:05  Overseer  
  46  10:23  Hydralisk  
  48  10:28  Extractor  
  48  10:30  Extractor  
  48  10:32  Hydralisk  
  48  10:37  Ultralisk Cavern, Pneumatized Carapace  
  47  10:50  Drone  
  47  10:53  Drone x3  
  51  11:05  Overseer  
  51  11:24  Ultralisk  
  51  11:25  Drone  
  58  11:26  Drone  
  58  11:30  Drone  
  60  11:33  Ultralisk  
  60  11:37  Overlord  
  66  11:41  Ultralisk  
  72  11:49  Hydralisk  
  72  11:54  Zerg Melee Weapons Level 2  
  74  11:55  Drone, Overlord  
  74  11:56  Drone x2  
  74  11:57  Drone  
  74  11:58  Hydralisk  
  74  11:59  Drone  
  74  12:01  Drone  
  82  12:04  Drone  
  82  12:06  Drone, Hydralisk  
  86  12:13  Drone, Overlord  
  86  12:15  Drone  
  88  12:16  Ultralisk  
  88  12:17  Overseer  
  94  12:28  Zerg Ground Armor Level 2  
  94  12:32  Ultralisk, Drone, Overlord  
  94  12:34  Drone  
  94  12:35  Drone  
  94  12:37  Drone  
  104  12:39  Drone  
  104  12:40  Drone  
  106  12:50  Roach  
  108  12:52  Roach  
  108  12:53  Overlord  
  108  12:56  Roach  
  111  12:58  Zergling x2  
  111  13:01  Roach  
  111  13:03  Hydralisk  
  100  13:06  Hydralisk  
  100  13:09  Hydralisk  
  100  13:12  Infestor  
  106  13:15  Overlord  
  106  13:17  Roach  
  110  13:20  Roach  
  110  13:22  Roach  
  110  13:24  Roach  
  110  13:26  Ravager x3  
  117  13:28  Roach  
  117  13:30  Ravager  
  117  13:33  Roach  
  122  13:35  Overlord, Roach  
  122  13:38  Roach  
  122  13:39  Hydralisk  
  128  13:49  Ravager  
  128  13:53  Overlord, Roach  
  128  13:54  Hydralisk  
  133  13:56  Hydralisk  
  133  13:59  Hydralisk  
  133  14:01  Pathogen Glands  
  137  14:04  Glial Reconstitution  
  137  14:07  Zerg Flyer Weapons Level 1  
  137  14:09  Zerg Missile Weapons Level 2  
  137  14:10  Infestor  
  137  14:11  Drone x2, Overlord  
  137  14:13  Drone  
  142  14:30  Overlord  
  142  14:44  Zerg Melee Weapons Level 3  
  142  14:50  Drone, Zergling x2  
  142  14:51  Drone  
  136  14:53  Roach  
  136  14:56  Roach  
  136  14:58  Roach  
  136  14:59  Hydralisk  
  119  15:02  Roach  
  119  15:03  Hydralisk  
  119  15:07  Roach  
  119  15:09  Roach  
  119  15:10  Hydralisk  
  119  15:12  Hatchery  
  119  15:13  Hydralisk  
  122  15:16  Hydralisk  
  122  15:17  Drone  
  122  15:19  Hydralisk  
  127  15:24  Ravager  
  127  15:25  Roach  
  130  15:47  Ultralisk  
  130  15:51  Ultralisk  
  136  15:59  Zergling x2  
  136  16:01  Zerg Flyer Armor Level 1  
  136  16:06  Ultralisk  
  132  16:13  Ultralisk  
  132  16:18  Ultralisk  
  132  16:20  Hydralisk  
  132  16:24  Hydralisk  
  127  16:27  Zerg Missile Weapons Level 3  
  127  16:29  Overseer  
  125  16:36  Extractor  
  125  16:37  Drone x2, Extractor  
  116  16:45  Hydralisk  
  111  16:47  Overseer  
  111  16:53  Spine Crawler, Drone  
  111  16:58  Spine Crawler, Drone  
  111  16:59  Spore Crawler  
  111  17:00  Ultralisk, Overlord  
  111  17:01  Drone  
  117  17:02  Spore Crawler  
  117  17:04  Drone  
  117  17:05  Hydralisk  
  119  17:10  Spore Crawler  
  119  17:11  Drone, Hydralisk  
  119  17:12  Spore Crawler  
  119  17:14  Drone  
  121  17:17  Hydralisk, Queen  
  121  17:20  Overlord  
  121  17:21  Overseer  
  125  17:27  Spine Crawler, Ultralisk  
  125  17:29  Drone  
  125  17:30  Overseer  
  125  17:38  Overlord  
  125  17:42  Overseer  
  125  17:47  Spine Crawler  
  125  17:49  Spine Crawler  
  123  17:53  Spine Crawler  
  123  17:55  Zerg Ground Armor Level 3  
  123  17:56  Drone, Overlord, Queen  
  123  17:57  Drone x2  
  127  18:03  Chitinous Plating  
  127  18:10  Overlord, Overseer  
  127  18:24  Zerg Flyer Weapons Level 2  
  127  18:28  Overlord  
  127  18:48  Overlord  
  127  18:57  Ultralisk  
  127  19:10  Roach  
  127  19:12  Roach  
  127  19:14  Overlord  
  127  19:15  Roach  
  135  19:17  Roach  
  135  19:19  Roach  
  135  19:21  Roach  
  135  19:23  Roach  
  141  19:25  Roach  
  141  19:28  Roach  
  141  19:30  Zergling x2  
  109  19:32  Roach  
  109  19:33  Overseer  
  109  19:34  Hydralisk  
  109  19:36  Hydralisk, Overseer  
  95  19:38  Hydralisk  
  95  19:41  Hydralisk  
  95  19:44  Hydralisk  
  101  19:50  Infestor, Overseer  
  101  19:52  Overlord, Roach  
  105  19:54  Roach  
  105  19:57  Roach  
  105  19:59  Roach  
  111  20:01  Roach  
  111  20:03  Roach  
  111  20:05  Roach  
  117  20:07  Roach  
  117  20:10  Overlord, Roach  
  117  20:11  Hatchery  
  117  20:13  Roach  
  120  20:14  Hydralisk  
  120  20:16  Hydralisk  
  120  20:19  Hydralisk  
  120  20:20  Tunneling Claws  
  115  20:21  Hydralisk  
  115  20:23  Spine Crawler  
  115  20:24  Roach  
  115  20:26  Zergling x2  
  115  20:28  Hydralisk  
  111  20:29  Drone x2, Overlord, Roach  
  111  20:30  Drone x2, Hydralisk  
  111  20:32  Hydralisk  
  107  20:35  Overseer, Roach  
  107  20:37  Roach  
  107  20:39  Hydralisk  
  107  20:41  Hydralisk  
  105  20:43  Hydralisk  
  105  20:46  Infestor  
  105  20:48  Roach  
  105  20:49  Overlord  
  109  20:51  Roach  
  109  20:53  Roach  
  109  20:55  Roach  
  115  20:57  Roach  
  115  20:59  Roach  
  115  21:01  Roach  
  115  21:04  Roach  
  123  21:06  Roach  
  123  21:08  Overlord, Roach  
  123  21:10  Roach  
  123  21:11  Zerg Flyer Weapons Level 3  
  129  21:12  Roach  
  129  21:14  Roach  
  129  21:16  Infestor  
  135  21:20  Spine Crawler  
  135  21:22  Queen  
  135  21:23  Drone, Overseer  
  137  21:28  Overlord  
  137  21:29  Spore Crawler  
  137  21:30  Drone  
  137  21:45  Spore Crawler  
  137  21:46  Drone  
  137  21:48  Queen  
  139  22:09  Spine Crawler  
  139  22:11  Drone  
  139  22:14  Spine Crawler  
  138  22:16  Drone  
  139  22:29  Infestor, Overlord  
  141  22:31  Extractor  
  141  22:32  Infestor  
  141  22:34  Extractor  
  141  22:35  Infestor, Hydralisk  
  143  22:37  Infestor  
  143  22:42  Infestor  
  147  22:47  Drone  
  147  22:48  Drone  
  147  22:50  Roach  
  139  22:53  Roach  
  139  22:55  Roach  
  120  22:58  Roach  
  120  23:01  Zergling x2  
  120  23:04  Roach  
  99  23:07  Roach  
  99  23:10  Roach  
  99  23:13  Roach  
  99  23:16  Roach  
  99  23:19  Roach  
  105  23:21  Roach  
  105  23:24  Roach  
  109  23:27  Roach  
  109  23:30  Roach  
  109  23:33  Roach  
  115  23:35  Infestor  
  115  23:38  Infestor  
  119  23:41  Infestor, Viper  
  119  23:45  Roach  
  119  23:47  Hydralisk  
  128  23:48  Neural Parasite  
  128  23:49  Greater Spire  
  128  23:50  Hydralisk  
  128  23:53  Infestor  
  132  23:56  Infestor  
  132  23:58  Infestor  
  132  24:01  Hydralisk  
  138  24:04  Hydralisk  
  140  25:00  Zerg Flyer Armor Level 2  
  140  25:07  Spire  
  140  25:09  Drone  
  140  25:24  Hatchery  
  140  25:25  Drone  
  140  26:14  Corruptor  
  140  26:17  Overlord  
  142  26:30  Zergling x2  
  142  26:37  Queen  
  142  26:39  Hydralisk  
  142  26:46  Extractor  
  142  26:47  Drone  
  142  26:51  Spore Crawler  
  142  26:52  Drone, Roach  
  142  26:53  Drone, Spore Crawler  
  116  26:55  Extractor  
  116  26:56  Drone, Hydralisk  
  116  26:59  Viper, Overseer  
  116  27:01  Brood Lord, Corruptor  
  118  27:06  Roach  
  116  27:19  Spine Crawler, Zerg Flyer Armor Level 3, Drone  
  116  27:22  Spine Crawler  
  116  27:23  Drone  
  116  27:28  Hydralisk  
  116  27:32  Hydralisk  
  110  27:37  Roach  
  110  27:41  Brood Lord, Corruptor  
  112  27:46  Overseer  
  112  27:53  Overseer  
  112  28:01  Overlord, Overseer  
  112  28:18  Roach  
  111  28:23  Zergling x2  
  111  28:26  Hydralisk  
  104  28:29  Drone  
  104  28:32  Roach  
  106  28:35  Hydralisk  
  106  28:40  Hydralisk  
  110  28:44  Corruptor  
  110  28:45  Brood Lord  
  114  29:23  Brood Lord, Corruptor  
  118  29:30  Queen  
  118  29:31  Ultralisk, Overlord  
  124  29:36  Ultralisk  
  124  29:37  Drone x2  
  125  29:41  Ultralisk  
  122  29:46  Ultralisk  
  122  29:50  Overlord  
  122  29:51  Ultralisk  
  133  29:56  Zergling x2  
  134  30:01  Ultralisk  
  134  30:02  Spine Crawler  
  134  30:06  Brood Lord, Corruptor  
  143  30:09  Overlord  
  143  30:12  Ultralisk  
  149  30:16  Hydralisk  
  149  30:17  Overseer  
  151  30:27  Hydralisk, Overlord  
  153  30:28  Drone  
  153  30:29  Drone x2  
  153  30:34  Drone x2  
  155  30:36  Drone, Hatchery  
  155  30:46  Drone x2, Overlord  
  155  30:47  Drone x3  
  155  30:48  Drone  
  155  30:49  Hydralisk  
  159  31:05  Overlord  
Tags
 
Add a new tag
Caveats
  • Supply blocks, unpowered buildings, or Contaminate may cause inaccurate times.
  • Supply counts are checked every 10 seconds.